 Dungeon Crawl Stone Soup version 0.22-a0-40-g3d2f077 (webtiles) character file.

35 tidbits the Grave Robber (level 3, 0/25 HPs)
             Began as a Gnoll Necromancer on Jan 4, 2018.
             Slain by a jackal (3 damage)
             ... on level 3 of the Dungeon.
             The game lasted 00:02:00 (308 turns).

tidbits the Grave Robber (Gnoll Necromancer)         Turns: 308, Time: 00:02:01

Health: 0/25       AC:  2    Str: 10    XL:     3   Next: 35%
Magic:  0/9        EV: 14    Int: 18    God:
Gold:   54         SH:  0    Dex: 15    Spells: 10/12 levels left

rFire    . . .     SeeInvis .   a - +0 dagger
rCold    . . .     Gourm    .   (no shield)
rNeg     . . .     Faith    .   h - +0 robe
rPois    .         Spirit   .   (no helmet)
rElec    .         Reflect  .   (no cloak)
rCorr    .         Harm     .   (no gloves)
MR       .....                  (no boots)
Stlth    +++.......             (no amulet)
HPRegen  0.08/turn              (no ring)
MPRegen  0.11/turn              (no ring)

@: flying
A: distributed training, fangs 1, strong nose
a: no special abilities


You were on level 3 of the Dungeon.
You were not hungry.

You visited 1 branch of the dungeon, and saw 4 of its levels.

You collected 54 gold pieces.

Inventory:

Hand Weapons
 a - a +0 dagger (weapon)
 e - a +0 club
 i - a +0 short sword
Missiles
 d - 80 stones (quivered)
 g - 3 tomahawks
Armour
 h - a +0 robe (worn)
Scrolls
 f - 2 scrolls of teleportation {unknown}
Books
 b - a book of Necromancy

   Spells                             Type                      Level
   a - Pain                           Necromancy                   1
   b - Animate Skeleton               Necromancy                   1
   c - Vampiric Draining              Necromancy                   3
   d - Regeneration                   Charms/Necromancy            3
   e - Animate Dead                   Necromancy                   4
   f - Borgnjor's Vile Clutch         Necromancy/Earth             5
Comestibles
 c - 3 rations


   Skills:
 + Level 0.7 Fighting
 + Level 0.7 Short Blades
 + Level 0.7 Long Blades
 + Level 0.7 Axes
 + Level 0.7 Maces & Flails
 + Level 0.7 Polearms
 + Level 0.7 Staves
 + Level 0.7 Slings
 + Level 0.7 Bows
 + Level 0.7 Crossbows
 + Level 0.7 Throwing
 + Level 0.7 Armour
 + Level 4.5 Dodging
 + Level 4.1 Stealth
 + Level 0.7 Shields
 + Level 0.7 Unarmed Combat
 + Level 5.0 Spellcasting
 + Level 0.5 Conjurations
 + Level 0.5 Hexes
 + Level 0.5 Charms
 + Level 0.5 Summonings
 + Level 7.1 Necromancy
 + Level 0.5 Translocations
 + Level 0.5 Transmutations
 + Level 0.5 Fire Magic
 + Level 0.5 Ice Magic
 + Level 0.5 Air Magic
 + Level 0.5 Earth Magic
 + Level 0.5 Poison Magic
 + Level 0.9 Invocations
 + Level 0.7 Evocations


You had 10 spell levels left.
You knew the following spells:

 Your Spells              Type           Power        Failure   Level  Hunger
a - Pain                  Necr           ####         1%          1    None
n - Animate Skeleton      Necr           N/A          1%          1    None


Dungeon Overview and Level Annotations

Branches:
Dungeon (4/15)
 Temple: D:4-7

Altars:
Elyvilon


Innate Abilities, Weirdness & Mutations

Your experience applies equally to all skills.
You have very sharp teeth.
Your uncanny sense of smell can sniff out nearby items.


Message History

An orc and an ogre come into view.
Things that are here:
a flail; a leather armour; an orc corpse An orc comes into view.
It is wielding a whip.
Found 19 stones.
The ogre shouts!
You hear a shout!
Things that are here:
a flail; a leather armour; an orc corpse Your magical contamination has completely faded away.
There is a stone staircase leading up here.
You climb upwards.
There is a stone staircase leading down here.
c - 3 rations (gained 1)
You open the door.
There is an open door here.
A dart slug comes into view.
Casting: Pain
Confirm with . or Enter, or press ? or * to list all spells.
Aiming: Pain
Press: ? - help, Shift-Dir - straight line, f - dart slug
Aim: a dart slug (chance to defeat MR: 93%)
The dart slug writhes in agony!
Casting: Pain
Confirm with . or Enter, or press ? or * to list all spells.
Aiming: Pain
Press: ? - help, Shift-Dir - straight line, f/p - dart slug
Aim: a dart slug (severely wounded, chance to defeat MR: 93%)
The dart slug writhes in agony!
You kill the dart slug!
A kobold comes into view. It is wielding a club.
Found a chain mail.
The kobold shouts!
A dart slug comes into view.
Casting: Pain
Confirm with . or Enter, or press ? or * to list all spells.
Aiming: Pain
Press: ? - help, Shift-Dir - straight line, f - kobold
Aim: a kobold, wielding a club (chance to defeat MR: 93%)
The kobold barely resists.
The kobold barely misses you.
Casting: Pain
Confirm with . or Enter, or press ? or * to list all spells.
Aiming: Pain
Press: ? - help, Shift-Dir - straight line, f/p - kobold
Aim: a kobold, wielding a club (chance to defeat MR: 93%)
The kobold writhes in agony!
You kill the kobold!
You have reached level 3!
Your experience leads to an increase in your attributes!
Increase (S)trength, (I)ntelligence, or (D)exterity?
You feel clever.
Casting: Pain
Confirm with . or Enter, or press ? or * to list all spells.
Aiming: Pain
Press: ? - help, Shift-Dir - straight line, f - dart slug
Aim: a dart slug (clinging, chance to defeat MR: 93%)
The dart slug writhes in agony!
Casting: Pain
Confirm with . or Enter, or press ? or * to list all spells.
Aiming: Pain
Press: ? - help, Shift-Dir - straight line, f/p - dart slug
Aim: a dart slug (severely wounded, clinging, chance to defeat MR: 93%)
The dart slug writhes in agony!
You kill the dart slug!
Your Spellcasting skill increases to level 5!
You see here a club.
An adder comes into view.
Casting: Pain
Confirm with . or Enter, or press ? or * to list all spells.
Aiming: Pain
Press: ? - help, Shift-Dir - straight line, f - adder
Aim: an adder (resting, chance to defeat MR: 89%)
The adder hisses angrily.
The adder writhes in agony!
A jackal comes into view.
Casting: Pain
Confirm with . or Enter, or press ? or * to list all spells.
Aiming: Pain
Press: ? - help, Shift-Dir - straight line, f/p - adder
Aim: an adder (lightly wounded, chance to defeat MR: 89%)
The adder writhes in agony!
Casting: Pain
Confirm with . or Enter, or press ? or * to list all spells.
Aiming: Pain
Press: ? - help, Shift-Dir - straight line, f/p - adder
Aim: an adder (moderately wounded, chance to defeat MR: 89%)
The adder writhes in agony!
It was a potion of flight.
You feel very buoyant.
You fly up into the air.
The adder bites you.
* * * LOW HITPOINT WARNING * * *
The adder barely misses you.
Casting: Pain
Confirm with . or Enter, or press ? or * to list all spells.
Aiming: Pain
Press: ? - help, Shift-Dir - straight line, f/p - adder
Aim: an adder (heavily wounded, chance to defeat MR: 89%)
The adder writhes in agony!
You kill the adder!
The jackal bites you.
You die...

#. .# #. #.# #. #.# ## #.#
#.# ##. # .. #.### ##..
##.#. #.#.## ##...
###....#########....####....
..........h@...........+....
.......#########....####...<
####... #....## ##..> #....
##.#.# ##.. #.#.. ###.# ##.
#.##. #.# ## # #. #.# # ..
#)# # #####.##### ##


You could see a jackal.

Vanquished Creatures
  2 adders
  2 dart slugs (D:3)
  An orc (D:4)
  A goblin (D:2)
  A hobgoblin (D:1)
  2 jackals (D:2)
  2 kobolds
  A frilled lizard (D:1)
  A rat (D:2)
13 creatures vanquished.

Vanquished Creatures (others)
  A goblin (D:2)
1 creature vanquished.

Grand Total: 14 creatures vanquished

Notes
Turn   | Place    | Note
-------+----------+-------------------------------------------
     0 | D:1      | tidbits the Gnoll Necromancer began the quest for the Orb.
     0 | D:1      | Reached XP level 1. HP: 13/13 MP: 6/6
    99 | D:2      | Reached XP level 2. HP: 14/19 MP: 3/7
   102 | D:2      | Learned a level 1 spell: Animate Skeleton
   135 | D:2      | Found a white marble altar of Elyvilon.
   223 | D:4      | Noticed an ogre
   281 | D:3      | Reached XP level 3. HP: 11/25 MP: 3/9
   283 | D:3      | Reached skill level 5 in Spellcasting
   308 | D:3      | Slain by a jackal

Vault maps used:
D:1:      minmay_arrival_jagged, fountainhead
D:2:      cheibrodos_old_hovel, grunt_decor_fettered,
          kennysheep_cross_bottleneck, elyvilon_altar_4, uniq_sigmund
D:3:      first_ration

Skill      XL: |  1  2  3 |
---------------+----------+-----
Spellcasting   | 5 |  5.0
Fighting       | |  0.7
Short Blades   | |  0.7
Long Blades    | |  0.7
Axes           | |  0.7
Maces & Flails | |  0.7
Polearms       | |  0.7
Staves         | |  0.7
Slings         | |  0.7
Bows           | |  0.7
Crossbows      | |  0.7
Throwing       | |  0.7
Armour         | |  0.7
Dodging        | |  4.5
Stealth        | |  4.1
Shields        | |  0.7
Unarmed Combat | |  0.7
Conjurations   | |  0.5
Hexes          | |  0.5
Charms         | |  0.5
Summonings     | |  0.5
Necromancy     | |  7.1
Translocations | |  0.5
Transmutations | |  0.5
Fire Magic     | |  0.5
Ice Magic      | |  0.5
Air Magic      | |  0.5
Earth Magic    | |  0.5
Poison Magic   | |  0.5
Invocations    | |  0.9
Evocations     | |  0.7

Action                   || total
-------------------------++-------
 Cast: Pain              ||    26
  Use: Potion            ||     1
Armor: Robe              ||     1
Dodge: Dodged            ||     2

Table legend:
 A = Spawn XP
 B = Non-spawn XP
 C = Spawn XP percentage of total XP
 D = Spawn monster count
 E = Non-spawn monster count
 F = Spawn count percentage of total count
 G = Total turns spent on level
                    A         B        C        D         E        F      G
               +---------+---------+-------+---------+---------+-------+---------
         Total |       0 |      51 |   0.0 |       0 |      13 |   0.0 |   308
               +---------+---------+-------+---------+---------+-------+---------
           D:1 |       0 |       5 |   0.0 |       0 |       3 |   0.0 |    90
           D:2 |       0 |       7 |   0.0 |       0 |       4 |   0.0 |    99
           D:3 |       0 |      23 |   0.0 |       0 |       4 |   0.0 |    69
           D:4 |       0 |      16 |   0.0 |       0 |       2 |   0.0 |    50
               +---------+---------+-------+---------+---------+-------+---------

Table legend:
 A = Turns spent in this place as a percentage of turns spent in the entire game.
 B = Non-inter-level travel turns spent in this place as a percentage of non-inter-level travel turns spent in the entire game.
 C = Inter-level travel turns spent in this place as a percentage of turns spent in this place.
 D = Turns resting spent in this place as a percentage of non-inter-level travel turns spent in this place.
 E = Turns spent auto-exploring this place as a percentage of non-inter-level travel turns spent in this place.
 F = Non-inter-level travel turns spent in this place divided by the number of levels of this place that you've seen.
                   A       B       C       D       E      F
               +-------+-------+-------+-------+-------+----------------------
         Total | 100.0 | 100.0 |   0.0 |   0.0 |   0.0 |  77.0
       Dungeon | 100.0 | 100.0 |   0.0 |   0.0 |   0.0 |  77.0
               +-------+-------+-------+-------+-------+----------------------

Table legend:
 A = Kills in this place as a percentage of kills in entire the game.
 B = Kills by you in this place as a percentage of kills by you in the entire game.
 C = Kills by friends in this place as a percentage of kills by friends in the entire game.
 D = Other kills in this place as a percentage of other kills in the entire game.
 E = Experience gained in this place as a percentage of experience gained in the entire game.
 F = Experience gained in this place divided by the number of levels of this place that you have seen.
                   A       B       C       D       E      F
               +-------+-------+-------+-------+-------+----------------------
         Total | 100.0 | 100.0 |   N/A |   N/A | 100.0 |  12.8
       Dungeon | 100.0 | 100.0 |   N/A |   N/A | 100.0 |  12.8
               +-------+-------+-------+-------+-------+----------------------

Vault maps used:
D:1:      minmay_arrival_jagged, fountainhead
D:2:      cheibrodos_old_hovel, grunt_decor_fettered,
          kennysheep_cross_bottleneck, elyvilon_altar_4, uniq_sigmund
D:3:      first_ration
